Map: Disco Bloodbath LE

Players

SirThirst - Winner!

  • Race: Protoss Protoss
  • Spawn Location: 9:00

A.I. 1 (Harder)

  • Race: Zerg Zerg
  • Spawn Location: 3:00

VOD

Have the link to the VOD?

Description

Time

  • Played on: Aug. 19, 2019, 5:43 a.m.
  • Length: 7:44
Show
View Real Time Build Order
Export as new Build Order

SirThirst Protoss - Winner!

Build Orders: 1 Gate Expand 

Get SALT Encoding   

  12  0:00  Probe  
  13  0:13  Probe  
  14  0:17  Pylon  
  14  0:24  Probe  
  15  0:32  Probe  
  15  0:40  Gateway  
  15  0:42  Probe  
  16  0:44  Assimilator  
  17  0:53  Probe  
  18  1:02  Probe  
  19  1:11  Probe  
  20  1:23  Nexus  
  20  1:27  Probe  
  21  1:36  Cybernetics Core  
  21  1:40  Probe  
  21  1:46  Pylon  
  22  1:52  Probe  
  22  1:53  Assimilator  
  23  2:10  Probe  
  23  2:14  Adept  
  26  2:21  Robotics Facility  
  26  2:23  Warp Gate  
  26  2:29  Gateway  
  26  2:32  Probe  
  26  2:34  Pylon  
  27  2:37  Probe  
  27  2:40  Probe  
  29  2:48  Adept  
  29  2:49  Probe  
  31  2:51  Probe  
  33  2:59  Probe  
  33  3:01  Probe  
  35  3:08  Probe  
  36  3:15  Immortal  
  40  3:20  Stalker  
  40  3:26  Stalker  
  44  3:34  Robotics Facility  
  44  3:39  Pylon  
  44  3:40  Probe  
  45  3:41  Probe  
  45  3:47  Pylon  
  46  3:55  Stalker  
  48  3:56  Stalker  
  50  4:08  Immortal  
  54  4:21  Immortal  
  58  4:27  Gateway  
  58  4:35  Gateway  
  58  4:40  Pylon  
  58  4:41  Probe  
  58  4:42  Probe  
  60  4:51  Immortal  
  64  4:53  Probe  
  64  4:54  Probe  
  64  4:56  Stalker  
  68  5:00  Stalker  
  70  5:11  Probe x2, Warp Prism  
  74  5:19  Probe x2  
  74  5:23  Pylon  
  74  5:26  Assimilator  
  74  5:27  Assimilator  
  76  5:35  Probe  
  76  5:40  Twilight Council  
  77  5:45  Immortal  
  77  5:48  Probe  
  82  5:56  Probe  
  83  6:09  Pylon  
  83  6:11  Pylon  
  83  6:14  Pylon  
  83  6:17  Pylon  
  83  6:20  Pylon  
  83  6:27  Immortal  
  85  6:36  Stalker  
  85  6:37  Stalker x3  
  85  7:04  Stalker  
  85  7:05  Stalker x2  
  85  7:06  Stalker  
Show
View Real Time Build Order
Export as new Build Order

A.I. 1 (Harder) Zerg 

Build Orders: 1 Base Baneling Bust, Pool Only 

Get SALT Encoding   

  12  0:00  Drone  
  13  0:12  Overlord  
  13  0:16  Drone  
  14  0:31  Drone x2  
  16  0:43  Spawning Pool  
  16  0:45  Drone  
  16  0:49  Drone  
  17  0:51  Extractor  
  17  0:56  Drone  
  17  1:06  Overlord  
  17  1:29  Queen  
  17  1:31  Zergling x2  
  20  1:35  Roach Warren  
  20  1:38  Drone  
  20  1:41  Zergling x2  
  20  1:42  Extractor  
  20  1:49  Drone  
  21  2:00  Drone  
  22  2:18  Roach  
  24  2:24  Overlord  
  24  2:32  Roach  
  26  2:42  Drone, Overlord, Roach  
  29  2:52  Roach  
  31  3:01  Drone  
  32  3:08  Roach  
  32  3:11  Overlord  
  34  3:18  Roach  
  36  3:28  Roach  
  38  3:38  Roach  
  40  3:41  Overlord  
  40  3:48  Roach  
  42  3:57  Drone  
  42  3:58  Roach  
  42  4:00  Drone  
  46  4:07  Drone  
  47  4:12  Drone, Roach  
  47  4:14  Overlord  
  49  4:21  Zergling x2  
  50  4:29  Baneling Nest, Drone  
  50  4:38  Evolution Chamber  
  50  4:40  Roach  
  50  4:43  Drone x2  
  50  4:44  Drone  
  56  4:52  Roach  
  56  5:03  Roach  
  58  6:31  Overlord, Zergling x2, Lair  
  59  6:37  Zergling x2  
  56  6:43  Zergling x2  
  56  6:45  Spore Crawler  
  48  6:48  Zergling x2  
  48  6:53  Roach  
  30  6:57  Roach  
  30  7:02  Roach  
  30  7:03  Roach  
  31  7:08  Overlord, Zergling x2  
  31  7:14  Zergling x2  
  31  7:15  Zergling x2  
  30  7:16  Evolution Chamber  
  21  7:31  Spawning Pool  
Tags
 
Add a new tag
Caveats
  • Supply blocks, unpowered buildings, or Contaminate may cause inaccurate times.
  • Supply counts are checked every 10 seconds.